Map: Divergence LE

Players

Massa

  • Race: Terran Terran
  • Spawn Location: 11:00

qqq

  • Race: Zerg Zerg
  • Spawn Location: 11:00

dazzye - Winner!

  • Race: Protoss Protoss
  • League: Gold
  • Spawn Location: 5:00

TpecT - Winner!

  • Race: Terran Terran
  • Spawn Location: 5:00

VOD

Have the link to the VOD?

Description

Time

  • Played on: June 20, 2020, 2:55 p.m.
  • Length: 17:44
Show
View Real Time Build Order
Export as new Build Order

Massa Terran 

Build Orders:  

Get SALT Encoding   

  12  0:12  Supply Depot  
  12  0:14  SCV  
  13  0:26  SCV  
  14  0:36  Barracks  
  14  0:38  SCV  
  15  0:50  SCV  
  16  1:03  SCV  
  17  1:15  SCV  
  17  1:23  Marine, Supply Depot  
  18  1:37  Refinery  
  18  1:39  SCV  
  19  1:41  Marine  
  20  2:04  Marine  
  21  2:09  Command Center  
  21  2:10  SCV  
  22  2:23  SCV  
  23  2:34  Barracks  
  23  2:36  Barracks Tech Lab  
  23  2:48  Orbital Command  
  23  2:53  Refinery  
  25  2:58  Marauder  
  25  3:18  SCV  
  28  3:20  Marauder  
  28  3:30  SCV  
  29  3:37  Factory  
  29  3:39  Supply Depot  
  29  3:46  Barracks Reactor  
  29  3:55  Engineering Bay  
  29  4:02  Supply Depot  
  29  4:04  Marauder  
  31  4:23  Factory Tech Lab  
  31  4:26  Marauder  
  31  4:30  Barracks  
  33  4:33  Stimpack  
  33  4:37  Marine x2  
  35  4:42  SCV  
  35  4:44  SCV  
  37  4:47  Marauder  
  39  4:55  Marine x2  
  41  5:03  Missile Turret  
  41  5:08  Marauder  
  41  5:11  SCV  
  41  5:12  Marine  
  41  5:13  SCV  
  45  5:29  SCV  
  45  5:30  Marauder  
  45  5:35  Missile Turret  
  48  5:44  Siege Tank  
  51  5:50  SCV x2  
  51  5:51  Marauder  
  55  5:59  Barracks Reactor  
  55  6:13  Marauder  
  57  6:22  Missile Turret  
  57  6:26  Marine x2, Siege Tank  
  53  6:34  Marauder  
  47  7:11  Marauder, Marine  
  38  7:27  SCV  
  38  7:28  SCV  
  40  7:32  Marauder  
  42  7:39  Marine  
  42  7:40  SCV x2, Marine x3  
  48  7:46  Combat Shield  
  48  7:51  Terran Infantry Armor Level 1  
  48  7:53  Marauder  
  48  7:57  Marine x2  
  48  7:58  Orbital Command, Marine  
  53  8:00  SCV  
  53  8:03  Refinery  
  54  8:07  Missile Turret  
  54  8:12  SCV  
  55  8:15  Marauder  
  57  8:24  SCV  
  55  8:31  SCV  
  56  8:36  SCV  
  56  8:40  Starport  
  57  8:44  SCV, Armory  
  57  8:48  SCV  
  59  8:51  Starport  
  59  8:53  Widow Mine  
  61  9:00  Marine  
  62  9:09  Supply Depot x2  
  62  9:11  Supply Depot  
  62  9:12  Supply Depot  
  62  9:23  Command Center  
  62  9:30  Marine x3  
  69  9:31  Widow Mine, Marauder  
  69  9:32  Missile Turret  
  69  9:40  Starport Reactor x2  
  69  9:46  Factory  
  69  9:52  Marauder, Missile Turret, Thor  
  77  10:13  Marine  
  77  10:14  Marauder, Marine x3  
  83  10:18  Terran Vehicle Weapons Level 1  
  83  10:22  Medivac x2  
  83  10:24  Viking  
  89  10:31  Marine x4  
  89  10:35  Marauder  
  95  10:46  SCV x2  
  95  10:49  Marine x4  
  101  10:54  Orbital Command  
  101  10:55  Refinery  
  101  10:57  Marauder  
  103  10:58  SCV x2  
  103  11:01  Factory Tech Lab  
  105  11:07  Marine  
  105  11:10  SCV x2  
  105  11:11  Factory  
  108  11:22  SCV  
  108  11:23  Supply Depot  
  108  11:25  Supply Depot  
  109  11:29  Supply Depot  
  109  11:31  Missile Turret  
  109  11:44  SCV x2  
  109  11:45  Marauder, Terran Infantry Weapons Level 1  
  109  11:46  Thor x2  
  125  11:50  Supply Depot  
  125  11:52  Supply Depot  
  125  11:54  Supply Depot  
  125  11:56  SCV  
  126  12:11  Factory Reactor  
  126  12:12  Terran Vehicle And Ship Armor Level 1  
  126  12:14  Supply Depot  
  126  12:20  Sensor Tower  
  126  12:42  Marauder, Marine x4  
  132  12:50  Sensor Tower  
  132  12:53  Widow Mine  
  132  12:54  Widow Mine  
  136  13:00  Barracks, Marine x4  
  136  13:03  Marauder  
  142  13:09  Concussive Shells  
  142  13:15  Widow Mine x2  
  142  13:18  Marine x4  
  150  13:25  Marauder  
  115  13:35  Marine  
  115  13:36  Widow Mine, Marine x3  
  115  13:37  Widow Mine  
  107  13:45  Marine, Thor x2  
  112  13:53  Marine  
  112  13:54  Marine x2  
  115  13:55  Barracks Reactor  
  115  13:57  Widow Mine  
  115  13:58  Widow Mine  
  93  14:03  Marine  
  93  14:09  Marine  
  95  14:11  Marine  
  95  14:12  Marine x2  
  91  14:19  Widow Mine  
  91  14:22  Marauder, Medivac  
  99  14:27  Marine  
  99  14:29  Marine x3  
  73  14:45  Marine  
  60  14:47  Marine x3  
  73  15:00  Refinery  
  73  15:08  Refinery, Command Center  
  73  15:11  Command Center  
  65  15:14  Barracks  
  65  15:16  Barracks  
  65  15:18  Barracks  
  65  15:20  Barracks  
  49  15:35  Engineering Bay  
  41  16:03  Missile Turret  
  41  16:04  Missile Turret  
  41  16:06  Missile Turret  
  41  16:07  Barracks, Missile Turret  
  41  16:09  Missile Turret  
  41  16:10  Missile Turret  
  41  16:16  Missile Turret  
  41  16:19  Marine x3  
  41  16:22  Supply Depot  
  41  16:25  Missile Turret  
  44  16:26  Missile Turret x2  
  44  16:31  Supply Depot  
  42  16:37  Marine x2  
  41  16:45  Supply Depot  
  24  17:01  SCV  
  9  17:11  Supply Depot  
  9  17:13  SCV  
  9  17:15  Supply Depot  
  10  17:17  Supply Depot  
  10  17:19  Supply Depot  
  10  17:20  Engineering Bay  
  10  17:25  SCV  
  11  17:37  Barracks  
  11  17:42  Barracks  
  11  17:44  Barracks  
Show
View Real Time Build Order
Export as new Build Order

qqq Zerg 

Build Orders: Hatch First 

Get SALT Encoding   

  12  0:05  Drone  
  13  0:09  Drone  
  14  0:40  Hatchery  
  13  0:51  Spawning Pool  
  12  1:03  Overlord  
  12  1:04  Drone  
  12  1:08  Drone  
  12  1:11  Extractor  
  13  1:18  Drone  
  14  1:46  Queen  
  16  1:50  Drone x3  
  16  1:53  Queen  
  21  2:00  Drone  
  22  2:05  Drone  
  22  2:07  Drone  
  24  2:18  Drone  
  25  2:35  Roach Warren, Metabolic Boost  
  24  2:37  Zergling x2  
  24  2:42  Overlord  
  25  2:45  Zergling x2  
  25  2:49  Zergling x2  
  27  2:54  Drone  
  28  3:03  Zergling x2, Overlord  
  28  3:04  Zergling x2  
  30  3:06  Drone  
  30  3:10  Drone  
  32  3:17  Roach  
  32  3:19  Zergling x2  
  35  3:20  Drone  
  36  3:38  Zergling x2  
  36  3:39  Drone, Zergling x2  
  36  3:40  Drone, Overlord  
  39  3:52  Zergling x4  
  39  3:54  Overlord, Roach  
  43  3:55  Overlord  
  43  4:06  Zergling x2  
  43  4:07  Drone  
  43  4:08  Zergling x4  
  42  4:33  Roach  
  42  4:34  Roach x2  
  42  4:35  Roach  
  42  4:36  Roach x2  
  54  4:57  Hatchery  
  53  5:01  Roach x4  
  53  5:02  Overlord  
  53  5:03  Overlord  
  53  5:04  Drone x2  
  63  5:11  Roach  
  63  5:13  Lair  
  65  5:23  Drone x2  
  65  5:27  Spore Crawler  
  66  5:30  Spore Crawler  
  66  5:33  Roach x2  
  69  5:38  Roach  
  71  5:51  Roach x2  
  71  5:53  Drone x3  
  71  5:54  Overlord  
  78  6:20  Roach x3  
  78  6:21  Drone  
  78  6:22  Drone x5  
  78  6:24  Zergling x4  
  75  6:51  Roach x3  
  75  6:52  Drone x2  
  75  6:53  Drone, Roach  
  75  6:54  Drone x2  
  76  6:57  Extractor  
  76  6:58  Extractor  
  68  7:20  Drone x3, Extractor  
  62  7:23  Queen  
  62  7:24  Drone  
  62  7:25  Drone  
  64  7:49  Hatchery  
  64  7:50  Drone x3  
  66  7:51  Hatchery, Overlord  
  66  7:57  Hatchery  
  64  8:00  Drone, Spire  
  64  8:01  Drone x4  
  68  8:05  Drone  
  68  8:08  Roach x5  
  68  8:11  Roach  
  81  8:29  Hatchery  
  80  8:38  Roach  
  80  8:39  Roach x2  
  80  8:40  Overlord, Roach x2  
  90  8:41  Drone x3  
  90  8:45  Spore Crawler  
  92  8:49  Spine Crawler  
  92  8:53  Roach x2  
  95  9:03  Roach  
  95  9:04  Overlord  
  95  9:05  Drone x4  
  101  9:15  Evolution Chamber  
  100  9:17  Evolution Chamber  
  100  9:18  Corruptor  
  100  9:19  Corruptor x4  
  100  9:22  Zerg Flyer Weapons Level 1  
  109  9:25  Glial Reconstitution  
  109  9:27  Drone x2  
  109  9:29  Extractor  
  109  9:31  Extractor  
  109  9:36  Drone x4  
  109  9:37  Drone x2  
  115  9:38  Drone  
  115  9:39  Drone  
  115  9:43  Drone  
  118  9:45  Corruptor  
  120  10:06  Corruptor x3  
  126  10:09  Drone x4  
  126  10:10  Drone x7  
  126  10:11  Drone  
  126  10:13  Extractor  
  137  10:14  Overlord  
  137  10:16  Overlord  
  137  10:18  Overlord  
  137  10:31  Extractor, Corruptor x3  
  142  10:39  Infestation Pit  
  141  10:47  Drone x4  
  141  10:48  Drone x7  
  141  10:49  Drone  
  153  10:54  Spore Crawler  
  153  10:55  Extractor  
  151  11:01  Spore Crawler  
  150  11:04  Drone x2, Spore Crawler  
  150  11:05  Drone, Overlord x2  
  150  11:06  Overlord  
  150  11:08  Corruptor  
  154  11:13  Corruptor  
  154  11:14  Corruptor  
  154  11:16  Zerg Flyer Armor Level 1  
  154  11:17  Corruptor  
  160  11:21  Ravager x4  
  160  11:24  Ravager  
  165  11:28  Corruptor  
  167  11:38  Drone x5  
  167  11:39  Drone x7  
  181  11:40  Drone x3  
  182  11:53  Spore Crawler  
  181  11:54  Spore Crawler  
  181  11:55  Hatchery, Spine Crawler, Spore Crawler  
  181  11:56  Drone, Spine Crawler  
  177  12:01  Spore Crawler  
  177  12:03  Spine Crawler  
  177  12:04  Spore Crawler  
  177  12:05  Drone x4  
  177  12:06  Drone x3  
  181  12:15  Corruptor x5  
  185  12:16  Corruptor  
  185  12:19  Drone  
  194  12:23  Overlord x3  
  194  12:27  Pneumatized Carapace  
  194  12:38  Spire  
  193  12:47  Corruptor x3  
  193  12:50  Drone  
  191  13:11  Zerg Melee Weapons Level 1  
  191  13:12  Zerg Ground Armor Level 1  
  189  13:13  Zerg Flyer Armor Level 2  
  189  13:14  Hive  
  189  13:20  Drone x3  
  189  13:21  Drone x5  
  110  13:45  Corruptor x6  
  110  13:46  Corruptor x3  
  110  13:47  Corruptor x3  
  122  13:48  Drone  
  122  13:49  Drone x6  
  122  13:51  Extractor  
  122  13:55  Extractor  
  127  13:56  Extractor  
  127  14:02  Extractor  
  125  14:05  Corruptor  
  125  14:06  Corruptor x2  
  131  14:19  Corruptor x2  
  131  14:21  Zergling x8  
  131  14:22  Zergling x10  
  131  14:23  Zergling x14  
  151  14:40  Corruptor x3  
  122  14:56  Corruptor x3  
  122  14:57  Corruptor  
  103  15:01  Drone x2  
  96  15:13  Spire  
  95  15:15  Drone x5  
  95  15:16  Drone x3  
  103  15:21  Corruptor x3  
  103  15:22  Corruptor  
  103  15:27  Hatchery  
  110  15:28  Hatchery  
  110  15:31  Zergling x6  
  110  15:32  Zergling x8  
  110  15:33  Zergling x4  
  112  15:44  Roach x2  
  112  15:45  Roach x4  
  121  15:58  Corruptor x2  
  121  15:59  Corruptor x5  
  121  16:00  Corruptor  
  127  16:09  Overlord  
  127  16:10  Overlord x4  
  116  16:15  Overlord  
  93  16:32  Overlord x5  
  93  16:33  Overlord  
  93  16:34  Overlord  
  93  16:37  Mutalisk  
  93  16:38  Mutalisk x3  
  99  16:51  Spawning Pool  
  98  16:56  Corruptor  
  98  16:57  Corruptor x4  
  98  16:58  Corruptor x4  
Show
View Real Time Build Order
Export as new Build Order

dazzye Protoss - Winner!

Build Orders: Oracle Opening, Carriers 

Get SALT Encoding   

  1  0:00  Probe  
  13  0:07  Probe  
  14  0:19  Pylon  
  14  0:22  Probe  
  15  0:35  Assimilator  
  15  0:37  Probe  
  16  0:45  Gateway  
  16  0:57  Probe  
  17  1:09  Probe  
  18  1:21  Probe  
  18  1:22  Assimilator  
  19  1:27  Assimilator  
  19  1:45  Probe  
  19  1:48  Cybernetics Core  
  19  1:51  Pylon  
  19  1:53  Probe  
  20  2:17  Nexus  
  20  2:29  Probe  
  20  2:32  Stargate  
  21  2:50  Pylon  
  21  2:56  Stalker  
  21  3:00  Forge  
  21  3:05  Warp Gate  
  23  3:20  Oracle  
  23  3:24  Probe  
  23  3:25  Probe  
  27  3:33  Probe  
  28  3:36  Probe  
  28  3:37  Photon Cannon  
  30  3:43  Probe  
  31  3:48  Probe  
  31  3:50  Stalker  
  31  3:55  Probe  
  35  4:01  Assimilator  
  35  4:07  Probe  
  36  4:16  Probe  
  36  4:24  Probe  
  38  4:31  Fleet Beacon  
  38  4:33  Probe  
  38  4:35  Pylon  
  39  5:01  Stalker  
  39  5:02  Probe  
  42  5:10  Probe  
  42  5:13  Pylon  
  43  5:34  Carrier  
  49  5:38  Stargate  
  49  5:39  Probe  
  49  5:46  Assimilator  
  49  5:47  Probe  
  51  6:20  Probe  
  51  6:24  Carrier  
  58  6:27  Zealot  
  58  6:32  Probe  
  61  6:46  Protoss Air Weapons Level 1  
  53  7:17  Carrier  
  59  7:36  Carrier  
  65  7:40  Probe  
  65  7:48  Probe  
  66  7:57  Nexus  
  67  8:02  Assimilator  
  67  8:05  Assimilator  
  67  8:07  Pylon  
  67  8:10  Pylon  
  67  8:15  Pylon  
  67  8:19  Pylon  
  67  8:21  Pylon  
  67  8:31  Carrier  
  67  8:38  Carrier  
  79  8:56  Photon Cannon  
  79  8:57  Probe  
  79  8:59  Photon Cannon  
  80  9:03  Photon Cannon  
  80  9:05  Probe x2  
  82  9:10  Photon Cannon  
  82  9:12  Photon Cannon  
  82  9:13  Probe  
  82  9:15  Probe  
  82  9:23  Probe  
  82  9:24  Protoss Air Weapons Level 2  
  84  9:27  Probe  
  84  9:29  Flux Vanes  
  86  9:39  Probe, Robotics Facility  
  86  9:45  Cybernetics Core  
  87  9:46  Mothership  
  87  9:47  Pylon  
  87  9:51  Probe  
  87  9:52  Carrier x2  
  100  10:03  Probe  
  109  10:15  Probe  
  110  10:23  Probe  
  110  10:27  Pylon  
  111  10:29  Pylon  
  111  10:32  Observer  
  111  10:33  Probe  
  111  10:34  Protoss Air Armor Level 1  
  113  10:37  Protoss Shields Level 1  
  113  10:46  Carrier  
  113  10:52  Carrier  
  126  11:11  Probe  
  126  11:23  Probe, Pylon  
  126  11:25  Pylon  
  127  11:30  Pylon  
  127  11:38  Tempest  
  127  11:47  Tempest  
  127  11:52  Protoss Air Weapons Level 3  
  132  11:55  Probe  
  138  12:02  Observer  
  138  12:07  Probe  
  140  12:15  Stalker  
  142  12:24  Tempest, Immortal  
  142  12:26  Pylon  
  142  12:28  Tempest  
  142  12:29  Pylon  
  156  12:58  Protoss Air Armor Level 2  
  156  13:01  Carrier  
  156  13:03  Tempest, Immortal  
  127  13:42  Immortal  
  125  13:58  Carrier  
  131  14:05  Carrier  
  120  15:02  Carrier  
  126  15:09  Carrier  
  129  15:56  Carrier  
  129  16:03  Carrier  
Show
View Real Time Build Order
Export as new Build Order

TpecT Terran - Winner!

Build Orders:  

Get SALT Encoding   

  12  0:01  SCV  
  13  0:13  SCV  
  14  0:18  Supply Depot  
  14  0:25  SCV  
  15  0:40  SCV  
  15  0:41  Barracks  
  16  0:52  SCV  
  16  1:06  SCV  
  16  1:11  Supply Depot  
  17  1:19  Refinery  
  17  1:25  SCV  
  18  1:43  SCV  
  19  1:53  Command Center  
  19  2:11  Orbital Command  
  19  2:18  Barracks Reactor  
  19  2:24  Refinery  
  19  2:37  SCV  
  20  2:46  Factory  
  20  2:49  SCV  
  21  2:54  Marine x2  
  23  3:01  SCV  
  24  3:07  Orbital Command  
  24  3:12  Marine x2  
  25  3:13  SCV  
  27  3:23  Orbital Command  
  27  3:25  SCV  
  28  3:30  Marine x2  
  30  3:39  Bunker  
  30  3:40  Factory Tech Lab  
  30  3:42  Starport  
  30  3:43  Supply Depot  
  30  3:50  Barracks  
  30  3:52  Barracks  
  30  3:54  Marine x2  
  32  3:57  SCV  
  33  4:06  SCV  
  33  4:09  SCV  
  35  4:18  SCV  
  35  4:20  Starport Reactor  
  35  4:21  Siege Tank  
  39  4:31  Marine x2  
  37  4:42  SCV x2  
  39  4:48  Marine x2  
  39  4:52  Engineering Bay  
  41  4:53  Barracks Tech Lab  
  41  4:54  Barracks Reactor, SCV, Engineering Bay  
  41  4:55  SCV  
  41  4:59  Siege Tank  
  46  5:06  SCV  
  48  5:07  SCV, Supply Depot  
  48  5:19  SCV x2  
  48  5:20  Refinery  
  50  5:22  Refinery  
  50  5:23  Stimpack  
  50  5:25  Marine  
  50  5:27  Terran Infantry Weapons Level 1  
  50  5:28  Terran Infantry Armor Level 1  
  51  5:31  Supply Depot  
  51  5:33  Medivac  
  53  5:40  Marine x2  
  53  5:41  Marauder, Marine  
  58  5:43  SCV x2  
  60  5:55  SCV x2, Supply Depot  
  62  5:57  Armory  
  62  6:07  SCV  
  62  6:08  Medivac  
  62  6:09  Marine x2  
  62  6:10  Marine x3  
  70  6:18  Supply Depot  
  70  6:26  SCV x2  
  72  6:38  SCV  
  72  6:39  SCV  
  64  6:50  SCV  
  64  6:52  Marine x3  
  64  6:53  Marauder, Marine  
  58  7:10  Marine x4  
  58  7:14  Marauder  
  59  7:28  Marine x4  
  63  7:31  SCV x2  
  63  7:35  Marauder  
  67  7:40  Siege Tank  
  67  7:43  SCV  
  71  7:46  Marine x4  
  71  7:47  Terran Infantry Weapons Level 2  
  75  7:57  Marauder  
  75  7:58  Terran Infantry Armor Level 2  
  77  8:02  SCV x2  
  77  8:03  Marine  
  77  8:04  Marine x3  
  83  8:12  Siege Tank  
  83  8:14  SCV x2  
  83  8:15  Command Center  
  83  8:18  Marauder  
  90  8:21  Marine x2  
  90  8:22  Marine x2  
  90  8:23  Bunker  
  94  8:40  SCV, Marauder, Marine x3  
  100  8:43  Supply Depot  
  100  8:59  Marine  
  100  9:00  Marine  
  102  9:04  Marine, Siege Tank  
  102  9:05  Marauder, Supply Depot  
  102  9:08  Barracks, Terran Vehicle Weapons Level 1  
  102  9:09  Barracks  
  108  9:10  Combat Shield  
  108  9:23  Bunker  
  108  9:26  Marauder  
  108  9:28  Medivac x2, Supply Depot  
  108  9:29  Marine x3  
  117  9:35  Orbital Command  
  117  9:36  Siege Tank  
  117  9:37  SCV  
  121  9:47  Marauder  
  123  9:55  Armory  
  123  10:03  Viking x2  
  127  10:09  Marauder  
  127  10:11  Starport, Thor  
  127  10:13  Barracks Reactor  
  135  10:14  Barracks Tech Lab  
  135  10:22  Supply Depot  
  135  10:30  Marauder  
  135  10:34  Concussive Shells  
  137  10:35  Terran Infantry Weapons Level 3  
  137  10:38  Terran Infantry Armor Level 3  
  137  10:45  SCV x3, Supply Depot  
  140  10:51  Marauder  
  140  10:54  Marauder, Marine x3  
  147  10:57  SCV x2  
  147  10:58  Terran Ship Weapons Level 1  
  147  11:02  Fusion Core  
  149  11:04  Starport Tech Lab  
  149  11:09  Supply Depot  
  149  11:13  Refinery, Marauder  
  149  11:14  SCV x2  
  149  11:15  SCV  
  149  11:16  Refinery  
  154  11:26  SCV  
  154  11:31  Supply Depot  
  155  11:34  Starport  
  155  11:38  Terran Vehicle And Ship Armor Level 1  
  155  11:51  Armory  
  155  11:55  Supply Depot  
  155  12:06  Battlecruiser  
  161  12:08  Marine x2  
  161  12:09  Marauder, Marine x5  
  170  12:17  SCV  
  170  12:18  SCV x2  
  173  12:26  Marine x3  
  177  12:30  SCV  
  177  12:32  Starport Tech Lab  
  177  12:34  Starport  
  177  12:37  Weapon Refit  
  177  12:39  Terran Vehicle Weapons Level 2  
  177  12:55  Marine x2  
  177  12:56  Marauder  
  181  13:10  Supply Depot  
  181  13:12  Neosteel Armor  
  181  13:21  Command Center  
  181  13:25  Marine  
  181  13:26  Marine x2  
  181  13:28  Marine  
  181  13:31  Marauder  
  181  13:32  Marauder  
  179  13:34  Supply Depot  
  175  13:52  Marauder  
  175  13:54  Marauder  
  179  13:58  Supply Depot  
  179  14:01  Marine  
  179  14:02  Marine x5  
  184  14:05  Battlecruiser x2  
  197  14:13  Marauder  
  197  14:20  Marine x3  
  197  14:21  Supply Depot  
  197  14:23  Marauder  
  193  14:35  Marauder  
  195  14:44  Marauder  
  197  14:56  Marauder  
Tags
 
Add a new tag
Caveats
  • Supply blocks, unpowered buildings, or Contaminate may cause inaccurate times.
  • Supply counts are checked every 10 seconds.